 Dungeon Crawl Stone Soup version 0.24.0-1-gfbc8707122 (webtiles) character file.

Game seed: 5489997895678444292, levelgen mode: deterministic

144 Heliosone the Ducker (level 5, 26/41 HPs)
             Began as a Demonspawn Gladiator on Oct 26, 2019.
             Quit the game on level 2 of the Dungeon.
             The game lasted 00:03:15 (2046 turns).

Heliosone the Ducker (Demonspawn Gladiator)         Turns: 2046, Time: 00:03:16

Health: 26/41      AC:  3    Str: 15    XL:     5   Next: 5%
Magic:  5/5        EV: 13    Int: 10    God:
Gold:   82         SH:  0    Dex: 14    Spells: 4/4 levels left

rFire    . . .     SeeInvis .   n - +1 spear (freeze)
rCold    . . .     Gourm    .   (no shield)
rNeg     . . .     Faith    .   b - +0 leather armour
rPois    .         Spirit   .   (helmet restricted)
rElec    .         Reflect  .   (no cloak)
rCorr    .         Harm     .   (no gloves)
MR       .....                  (no boots)
Stlth    +++.......             (no amulet)
HPRegen  0.13/turn              (no ring)
MPRegen  0.09/turn              (no ring)

@: no status effects
A: horns 1, nightstalker 2
a: no special abilities


You were on level 2 of the Dungeon.
You were hungry.

You visited 1 branch of the dungeon, and saw 2 of its levels.

You collected 82 gold pieces.

Inventory:

Hand Weapons
 a - a +0 trident
 n - a +1 spear of freezing (weapon)
Missiles
 d - 3 throwing nets (quivered)
 i - 10 poisoned darts
Armour
 b - a +0 leather armour (worn)
 c - a +0 helmet
Jewellery
 j - an uncursed ring of ice {unknown}
 o - a +3 ring of intelligence {unknown}
Scrolls
 g - 4 scrolls of teleportation {unknown}
 h - 2 scrolls of identify {unknown}
 p - 3 scrolls of remove curse {unknown}
 q - a scroll of fear {unknown}
Potions
 e - a potion of curing {unknown}
 k - 3 potions of lignification {unknown}
 l - a potion of invisibility {unknown}
 m - a potion of brilliance {unknown}
 r - a potion of magic {unknown}
Comestibles
 f - 4 rations


   Skills:
 + Level 3.3 Fighting
 - Level 2.6 Polearms
 - Level 1.7 Throwing
 + Level 2.2 Armour
 + Level 3.8 Dodging


You had 4 spell levels left.
You didn't know any spells.
Your spell library was empty.

Dungeon Overview and Level Annotations

Branches:
Dungeon (2/15)

Altars:
Cheibriados
Fedhas
Nemelex Xobeh
Okawaru
Sif Muna

Annotations:
D:2 exclusion: oklob plant


Innate Abilities, Weirdness & Mutations

You have a pair of small horns on your head.
You are significantly more attuned to the shadows.


Message History

Crazy Yiuf misses you.
You closely miss Crazy Yiuf.
Crazy Yiuf is lightly wounded.
Crazy Yiuf hits you with a +2 quarterstaff of chaos.
You hit Crazy Yiuf. You freeze Crazy Yiuf. You headbutt Crazy Yiuf.
Crazy Yiuf is severely wounded.
Crazy Yiuf misses you.
You hit Crazy Yiuf. You freeze Crazy Yiuf. You headbutt Crazy Yiuf.
You kill Crazy Yiuf!
You have reached level 5!
Your demonic ancestry asserts itself...
You slip further into the darkness.
There is an open translucent door here.
Things that are here:
a +2 quarterstaff of chaos; a +0 cloak There isn't anything to butcher here.
Level annotation: exclusion: oklob plant Welcome back, Heliosone the Demonspawn Gladiator.
Press ? for a list of commands and other information.
Are you sure you want to abandon this character and quit the game? (Confirm with "yes".)

.÷.........#
#....#
###.#.....).
...#.#####.#
♣.P.P♣
##.###....).
.....# #.#
♣...♣♣
#.>.#.......
...### #.#
♣♣.♣♣
##.#..##....
#.## ###
♣.♣♣
#.....##.#..
### ♣♣.♣
##....##.#..
♣.♣♣
##.........
♣♣.♣
#.####.#.#
#@# #.#
#.... #...#
#.# ###.#
#...# #.#
#.... #..)#
#.# #....
##### ##.#
#.... #..#
#.†.. #.##
#.... #.#
##### #.#


There were no monsters in sight!

Vanquished Creatures
  Crazy Yiuf (D:2)
  4 gnolls
  2 adders (D:2)
  A worm (D:2)
  2 dart slugs (D:2)
  A leopard gecko (D:2)
  A ball python (D:2)
  4 giant cockroaches
  5 hobgoblins
  3 jackals (D:1)
  2 quokkas (D:2)
  10 bats
  A frilled lizard (D:2)
  7 goblins
  7 kobolds
  2 rats
53 creatures vanquished.

Notes
Turn   | Place    | Note
-------+----------+-------------------------------------------
     0 | D:1      | Heliosone the Demonspawn Gladiator began the quest for the
                  | Orb.
     0 | D:1      | Reached XP level 1. HP: 16/16 MP: 1/1
   217 | D:1      | Gained mutation: You are slightly more attuned to the
                  | shadows. [demonic ancestry]
   217 | D:1      | Reached XP level 2. HP: 22/22 MP: 2/2
   582 | D:1      | Reached skill level 1 in Armour
   873 | D:2      | Gained mutation: You have a pair of small horns on your
                  | head. [demonic ancestry]
   873 | D:2      | Reached XP level 3. HP: 22/28 MP: 3/3
  1086 | D:2      | Found a blossoming altar of Fedhas.
  1108 | D:2      | Noticed an oklob plant
  1192 | D:2      | Found a sparkling altar of Nemelex Xobeh.
  1234 | D:1      | Reached XP level 4. HP: 12/34 MP: 4/4
  1547 | D:2      | Found a snail-covered altar of Cheibriados.
  1558 | D:2      | Found a shimmering blue altar of Sif Muna.
  1573 | D:2      | Found an iron altar of Okawaru.
  1767 | D:2      | Found a runed translucent door.
  1768 | D:2      | Noticed Crazy Yiuf
  2044 | D:2      | Killed Crazy Yiuf
  2044 | D:2      | Gained mutation: You are significantly more attuned to the
                  | shadows. [demonic ancestry]
  2044 | D:2      | Reached XP level 5. HP: 26/41 MP: 5/5
  2046 | D:2      | Quit the game

Levels and vault maps discovered:
D:1:      co_arrival_square_in_a_square_in_a_square, layout_loops_corners
D:2:      layout_loops_cross, grunt_temple_overflow_cloverleaf, tgw_fedhas,
          uniq_crazy_yiuf_cottage

Skill      XL: |  1  2  3  4 |
---------------+-------------+-----
Dodging        | 3 |  3.8
Armour         | 1 2 |  2.2
Fighting       | 3 |  3.3
Polearms       | |  2.6
Throwing       | |  1.7

Action                   |  1- 3 |  4- 6 || total
-------------------------+-------+-------++-------
Melee: Trident           |    40 |       ||    40
       Spear             |    57 |    48 ||   105
       Headbutt          |     9 |     3 ||    12
 Stab: Sleeping          |    15 |     4 ||    19
  Eat: Chunk             |       |     3 ||     3
Armor: Leather armour    |    11 |     6 ||    17
Dodge: Dodged            |    36 |    26 ||    62
